Map: [ESL] Goldenaura

Players

Firefly

  • Race: Protoss Protoss
  • Spawn Location: 12:00

Oliveira - Winner!

  • Race: Terran Terran
  • Spawn Location: 5:00

Event: ESL SC2 Masters 2023 Winter (Regional)

VOD

Have the link to the VOD?

Description

Time

  • Played on: Nov. 12, 2023, 7:29 a.m.
  • Length: 3:45

All games in this series

Show
View Real Time Build Order
Export as new Build Order

Firefly Protoss 

Build Orders: Phoenix Opening 

Get SALT Encoding   

  12  0:08  Pylon  
  12  0:12  Probe  
  13  0:26  Gateway  
  13  0:29  Probe (Chrono Boost)  
  14  0:41  Assimilator, Probe (Chrono Boost)  
  15  0:47  Probe (Chrono Boost)  
  16  0:50  Assimilator  
  16  0:56  Probe  
  17  1:08  Probe  
  18  1:13  Cybernetics Core  
  18  1:15  Zealot  
  20  1:20  Probe  
  21  1:28  Pylon  
  21  1:32  Probe  
  22  1:44  Probe  
  22  1:46  Stalker (Chrono Boost)  
  23  1:51  Warp Gate  
  25  1:56  Probe  
  26  2:07  Stargate  
  26  2:13  Stalker (Chrono Boost)  
  26  2:22  Probe  
  29  2:34  Probe  
  30  2:48  Stalker  
  30  2:58  Pylon  
  30  3:11  Probe  
  31  3:14  Nexus  
  31  3:17  Phoenix  
  33  3:26  Pylon  
  33  3:36  Twilight Council  
Show
View Real Time Build Order
Export as new Build Order

Oliveira Terran - Winner!

Build Orders: Cyclone Opening 

Get SALT Encoding   

  12  0:00  SCV  
  13  0:12  SCV  
  14  0:17  Supply Depot  
  14  0:24  SCV  
  15  0:38  SCV  
  15  0:39  Barracks  
  16  0:45  Refinery  
  16  0:50  SCV  
  17  1:02  SCV  
  18  1:15  SCV  
  19  1:26  Marine  
  19  1:28  Orbital Command  
  20  1:39  Command Center  
  20  1:46  Barracks Reactor  
  20  1:50  Supply Depot  
  20  1:55  SCV  
  21  2:07  SCV  
  22  2:08  Factory  
  22  2:15  Bunker  
  22  2:19  SCV  
  23  2:23  Marine x2  
  25  2:35  SCV  
  26  2:40  Marine  
  26  2:41  Marine  
  28  2:47  SCV  
  29  2:53  Cyclone  
  29  2:57  Orbital Command  
  31  3:03  Marine  
  31  3:04  Marine  
  32  3:07  SCV  
  33  3:15  Barracks  
  33  3:21  Refinery  
  33  3:22  Marine x2  
  35  3:29  SCV x2  
Tags
 
Add a new tag
Caveats
  • Supply blocks, unpowered buildings, or Contaminate may cause inaccurate times.
  • Supply counts are checked every 10 seconds.